Map: [ESL] Oceanborn

Players

ShoWTimE

  • Race: Protoss Protoss
  • Spawn Location: 5:00

Reynor - Winner!

  • Race: Zerg Zerg
  • Spawn Location: 11:00

Event: ESL SC2 Masters 2023 Winter (Regional)

VOD

Have the link to the VOD?

Description

Time

  • Played on: Nov. 17, 2023, 12:12 p.m.
  • Length: 10:24

All games in this series

Show
View Real Time Build Order
Export as new Build Order

ShoWTimE Protoss 

Build Orders: 1 Gate Expand, Oracle Opening 

Get SALT Encoding   

  12  0:00  Probe  
  13  0:12  Probe  
  14  0:19  Pylon  
  14  0:24  Probe  
  15  0:37  Probe (Chrono Boost)  
  15  0:39  Gateway  
  16  0:46  Probe (Chrono Boost)  
  16  0:48  Assimilator  
  17  0:51  Probe (Chrono Boost)  
  18  1:03  Probe  
  19  1:15  Probe  
  20  1:27  Nexus  
  20  1:36  Cybernetics Core  
  20  1:39  Probe  
  21  1:44  Assimilator  
  21  1:51  Probe  
  21  1:53  Pylon  
  22  2:03  Probe  
  23  2:09  Adept (Chrono Boost)  
  23  2:15  Probe  
  26  2:22  Stargate  
  26  2:27  Probe (Chrono Boost)  
  27  2:31  Adept (Chrono Boost)  
  27  2:36  Warp Gate  
  29  2:39  Probe (Chrono Boost)  
  31  2:45  Probe (Chrono Boost)  
  31  2:48  Probe (Chrono Boost)  
  32  2:52  Probe (Chrono Boost)  
  32  2:53  Probe (Chrono Boost)  
  32  2:55  Pylon  
  32  2:58  Adept  
  36  3:03  Probe  
  36  3:05  Probe  
  38  3:06  Oracle (Chrono Boost)  
  41  3:15  Probe  
  41  3:17  Probe  
  43  3:27  Probe  
  43  3:28  Gateway, Adept  
  43  3:31  Probe  
  47  3:36  Pylon  
  47  3:38  Oracle (Chrono Boost)  
  47  3:40  Probe  
  51  3:44  Probe  
  52  3:52  Probe  
  53  3:56  Probe  
  53  4:02  Nexus  
  54  4:05  Probe  
  54  4:08  Pylon, Oracle (Chrono Boost), Probe  
  59  4:18  Probe  
  59  4:20  Probe  
  59  4:21  Pylon  
  61  4:27  Adept x2  
  61  4:30  Probe  
  66  4:31  Assimilator  
  66  4:32  Probe  
  66  4:33  Assimilator  
  67  4:40  Gateway  
  67  4:43  Probe  
  67  4:44  Probe  
  69  4:50  Robotics Facility  
  69  4:53  Adept x2  
  69  4:55  Probe  
  69  4:56  Probe  
  75  5:05  Forge  
  75  5:07  Probe  
  75  5:08  Probe  
  77  5:14  Stalker x2  
  77  5:16  Probe (Chrono Boost)  
  84  5:24  Pylon, Probe (Chrono Boost)  
  84  5:25  Probe (Chrono Boost)  
  84  5:28  Probe (Chrono Boost)  
  85  5:33  Probe (Chrono Boost)  
  85  5:34  Probe (Chrono Boost)  
  85  5:35  Probe (Chrono Boost)  
  88  5:38  Protoss Ground Weapons Level 1 (Chrono Boost)  
  88  5:42  Probe  
  87  5:43  Probe  
  87  5:44  Immortal (Chrono Boost)  
  87  5:45  Probe  
  87  5:47  Sentry, Assimilator  
  87  5:48  Sentry  
  95  5:53  Pylon  
  95  5:54  Probe  
  95  5:55  Assimilator, Probe  
  98  5:57  Probe  
  98  6:03  Robotics Bay  
  98  6:04  Photon Cannon  
  98  6:06  Pylon, Shield Battery, Probe  
  98  6:08  Probe  
  98  6:09  Probe  
  101  6:17  Immortal (Chrono Boost)  
  101  6:18  Probe  
  106  6:30  Gateway  
  106  6:32  Gateway  
  96  6:33  Sentry, Zealot x2  
  96  6:38  Photon Cannon  
  102  6:49  Observer (Chrono Boost)  
  103  6:55  Twilight Council, Stalker x2  
  103  6:58  Zealot  
  109  7:04  Disruptor (Chrono Boost), Phoenix  
  115  7:10  Pylon  
  115  7:12  Nexus  
  115  7:13  Probe x2  
  115  7:15  Pylon  
  117  7:27  Pylon, Shield Battery, Charge (Chrono Boost)  
  117  7:28  Probe  
  118  7:30  Gateway  
  118  7:33  Dark Shrine, Gateway  
  118  7:35  Gateway  
  115  7:38  Disruptor  
  115  7:39  Pylon  
  115  7:40  Protoss Ground Weapons Level 2 (Chrono Boost)  
  115  7:42  Nexus  
  119  7:44  Pylon  
  119  7:46  Cybernetics Core  
  119  7:51  Nexus, Phoenix  
  121  7:56  Photon Cannon x2  
  121  8:02  Gateway  
  121  8:03  Gateway, Zealot  
  121  8:04  Photon Cannon  
  124  8:05  Probe x2  
  124  8:06  Probe  
  124  8:12  Photon Cannon  
  126  8:16  Disruptor (Chrono Boost), Assimilator  
  126  8:19  Assimilator  
  130  8:23  Zealot x5  
  140  8:29  Zealot x3  
  140  8:31  Probe  
  140  8:33  Probe  
  148  8:43  Probe  
  148  8:45  Probe  
  148  8:48  Pylon  
  149  8:49  Pylon  
  149  8:50  Pylon  
  149  8:55  Pylon  
  149  9:02  Disruptor, Zealot x4  
  159  9:09  Dark Templar x4  
  169  9:13  Archon x2  
  169  9:25  Probe x2  
  169  9:29  Dark Templar x4, Gateway  
  179  9:34  Archon x2  
  179  9:35  Immortal (Chrono Boost)  
  179  9:38  Gateway  
  183  9:41  Shield Battery  
  183  9:44  Pylon  
  180  9:46  Phoenix  
  173  9:57  Stalker x3  
  174  10:02  Stalker x2  
  174  10:06  Zealot  
  146  10:11  Stalker  
  134  10:18  Stalker x2  
Show
View Real Time Build Order
Export as new Build Order

Reynor Zerg - Winner!

Build Orders: Hatch First 

Get SALT Encoding   

  12  0:00  Drone  
  13  0:08  Drone  
  14  0:16  Overlord  
  14  0:40  Hatchery  
  13  0:44  Drone  
  13  0:47  Drone  
  15  0:51  Drone  
  15  0:55  Drone  
  17  1:06  Drone  
  17  1:09  Extractor  
  17  1:18  Drone  
  17  1:19  Spawning Pool  
  17  1:27  Drone  
  18  1:37  Drone  
  19  1:48  Drone  
  19  1:52  Drone  
  21  1:59  Drone  
  22  2:05  Zergling x2  
  22  2:06  Queen x2  
  27  2:09  Overlord  
  27  2:13  Zergling x2  
  28  2:19  Metabolic Boost  
  28  2:28  Drone x2  
  30  2:35  Hatchery  
  29  2:37  Drone  
  29  2:39  Drone  
  31  2:46  Queen  
  31  2:51  Overlord  
  33  2:53  Zergling x2  
  33  2:56  Drone  
  35  2:59  Zergling x2  
  36  3:08  Queen, Overlord  
  36  3:10  Drone  
  39  3:13  Drone  
  39  3:15  Drone  
  39  3:16  Drone  
  39  3:19  Drone  
  43  3:20  Drone  
  43  3:26  Queen  
  46  3:30  Overlord  
  46  3:37  Drone  
  46  3:39  Drone  
  46  3:41  Drone  
  49  3:44  Queen  
  49  3:48  Spore Crawler, Queen  
  51  3:49  Drone  
  51  3:52  Drone  
  51  3:54  Drone  
  55  3:57  Drone x2  
  55  4:01  Drone x2  
  59  4:02  Drone  
  59  4:05  Drone  
  59  4:06  Drone  
  59  4:08  Drone  
  61  4:12  Drone, Spore Crawler  
  61  4:14  Zergling x2  
  61  4:15  Zergling x2  
  63  4:18  Evolution Chamber  
  63  4:20  Overlord  
  63  4:22  Drone  
  63  4:25  Drone  
  63  4:28  Drone  
  63  4:30  Overlord  
  65  4:35  Drone  
  65  4:36  Overlord  
  65  4:39  Drone x4  
  65  4:40  Drone  
  65  4:42  Drone  
  65  4:45  Zerg Melee Weapons Level 1  
  71  4:48  Zergling x4  
  73  4:53  Queen  
  73  4:55  Overlord  
  73  4:57  Drone x2  
  73  4:59  Drone x2  
  79  5:01  Drone  
  79  5:03  Zergling x2  
  79  5:04  Overlord  
  79  5:07  Drone x2  
  83  5:09  Drone  
  83  5:11  Drone x4  
  88  5:15  Spore Crawler  
  87  5:22  Overlord  
  87  5:26  Lair  
  89  5:28  Zergling x8  
  89  5:33  Drone x3  
  89  5:34  Drone x2  
  95  5:39  Drone  
  95  5:40  Drone  
  95  5:42  Drone x3  
  98  5:48  Drone x2  
  100  5:50  Extractor  
  100  5:51  Drone, Overlord  
  100  5:52  Drone  
  100  5:54  Drone  
  100  5:55  Drone  
  102  5:57  Drone  
  102  6:03  Overlord  
  102  6:04  Extractor x2, Drone x2  
  102  6:07  Drone x2  
  104  6:12  Drone, Extractor  
  104  6:13  Extractor  
  102  6:18  Overlord  
  102  6:19  Drone x4  
  102  6:20  Drone  
  102  6:22  Zergling x4  
  102  6:23  Zergling x2  
  109  6:27  Hatchery  
  109  6:29  Zergling x2  
  109  6:30  Zergling x2  
  104  6:33  Zergling x8  
  104  6:38  Hydralisk Den  
  104  6:39  Zerg Melee Weapons Level 2  
  106  6:42  Zergling x2  
  106  6:44  Baneling Nest  
  106  6:45  Zergling x4  
  108  6:50  Zergling x12  
  114  6:58  Overlord, Spire  
  114  6:59  Zergling x4  
  114  7:03  Zergling x6  
  116  7:12  Overlord, Grooved Spines  
  116  7:19  Hydralisk x5  
  116  7:20  Zergling x8  
  124  7:33  Hydralisk x3  
  124  7:34  Zergling x6  
  124  7:35  Drone  
  124  7:36  Centrifugal Hooks  
  131  7:39  Drone  
  131  7:41  Drone  
  132  7:45  Drone x4  
  132  7:47  Drone x2  
  132  7:50  Drone x3  
  140  7:56  Hatchery  
  139  7:59  Overlord x2  
  139  8:01  Extractor  
  139  8:03  Extractor  
  137  8:06  Zergling x8  
  137  8:08  Muscular Augments  
  137  8:12  Overlord  
  141  8:13  Overseer  
  141  8:20  Spore Crawler  
  137  8:36  Overlord  
  137  8:37  Mutalisk x10  
  137  8:39  Zergling x12  
  162  8:52  Mutalisk  
  162  8:53  Mutalisk  
  162  8:54  Zergling x16  
  174  8:58  Overlord  
  174  8:59  Mutalisk, Hatchery  
  174  9:01  Zergling x6  
  178  9:03  Overlord  
  178  9:07  Overlord  
  177  9:16  Baneling x3  
  177  9:17  Baneling x3  
  175  9:21  Hydralisk x6  
  187  9:24  Zergling x10  
  187  9:25  Zergling x4  
  187  9:29  Infestation Pit  
  193  9:33  Baneling x7  
  193  9:35  Zergling x12  
  199  9:59  Zergling x22  
  199  10:00  Zergling x2  
  199  10:05  Zergling x14  
Tags
 
Add a new tag
Caveats
  • Supply blocks, unpowered buildings, or Contaminate may cause inaccurate times.
  • Supply counts are checked every 10 seconds.